 Dungeon Crawl Stone Soup version 0.21-a0-104-g7b58145 (webtiles) character file.

679 KristoblXynda the Sneak (level 7, -1/41 HPs)
             Began as an Octopode Enchanter on July 6, 2017.
             Slain by a centaur
             ... wielding a +0 short sword
              (10 damage)
             ... on level 5 of the Dungeon.
             The game lasted 00:10:16 (5087 turns).

KristoblXynda the Sneak (Octopode Enchanter)        Turns: 5087, Time: 00:10:17

Health: -1/41      AC:  1    Str:  8    XL:     7   Next: 60%
Magic:  1/10       EV: 13    Int: 22    God:
Gold:   279        SH:  0    Dex: 12    Spells: 4/10 levels left

rFire    . . .     SeeInvis .   d - +0 dagger (holy)
rCold    . . .     Gourm    .   (no shield)
rNeg     . . .     Faith    .   (helmet restricted)
rPois    .         Spirit   .   (no amulet)
rElec    .         Reflect  .   h - +3 ring of intelligence
rCorr    .         Harm     .   e - ring of wizardry
MR       .....                  (no ring)
Stlth    ++++......             (no ring)
HPRegen  0.13/turn              (no ring)
MPRegen  0.12/turn              (no ring)
                                (no ring)
                                (no ring)

@: no status effects
A: almost no armour, stealthy swim, amphibious, 8 rings, constrict 8, camouflage
1, gelatinous body 1
a: no special abilities


You were on level 5 of the Dungeon.
You were not hungry.

You visited 1 branch of the dungeon, and saw 5 of its levels.

You collected 279 gold pieces.

Inventory:

Hand Weapons
 d - a +0 dagger of holy wrath (weapon)
Jewellery
 e - a ring of wizardry (right tentacle)
 h - a +3 ring of intelligence (left tentacle)
Wands
 l - a wand of confusion (45/48)
Scrolls
 n - a scroll of remove curse
 p - a scroll of enchant armour
Potions
 a - a potion of magic {unknown}
 g - a potion of flight
 i - 2 potions of ambrosia
 k - a potion of might {unknown}
Books
 b - a book of Maledictions

   Spells                             Type                      Level
   a - Corona                         Hexes                        1
   b - Ensorcelled Hibernation        Hexes/Ice                    2
   c - Confuse                        Hexes                        3
   d - Tukima's Dance                 Hexes                        3
   e - Dazzling Spray                 Conjuration/Hexes            3
Comestibles
 c - a bread ration
 f - 4 royal jellies
 r - 2 meat rations


   Skills:
 + Level 4.8 Short Blades
 - Level 2.0 Dodging
 + Level 7.4 Stealth
 - Level 2.0 Spellcasting
 + Level 5.6 Hexes


You had 4 spell levels left.
You knew the following spells:

 Your Spells              Type           Power        Failure   Level  Hunger
a - Corona                Hex            ####...      1%          1    #......
b - Ensorcelled Hibernat  Hex/Ice        ##....       2%          2    ##.....
c - Confuse               Hex            ####....     1%          3    ###....


Dungeon Overview and Level Annotations

Branches:
Dungeon (5/15)             Temple (0/1) D:5

Altars:
Wu Jian


Innate Abilities, Weirdness & Mutations

You cannot wear most types of armour.
You are very stealthy in the water. (Stealth+)
You are amphibious.
You can wear up to eight rings at the same time.
You can use your tentacles to constrict eight enemies at once.
Your skin changes colour to match your surroundings (Stealth+).
Your rubbery body absorbs attacks. (AC +1, EV +1)


Message History

Confirm with . or Enter, or press ? or * to list all spells.
Aiming: Confuse
Press: ? - help, Shift-Dir - straight line, f/p - centaur
Aim: a centaur, wielding a short sword (moderately wounded, chance to defeat MR: 55%)
The centaur resists with significant effort.
The centaur hits you with a short sword!
You hit the centaur but do no damage. Your squeeze misses the centaur.
The centaur is moderately wounded.
The centaur hits you with a short sword.
You hit the centaur but do no damage.
The centaur is moderately wounded.
The centaur barely misses you.
You barely miss the centaur.
The centaur is moderately wounded.
The centaur hits you with a short sword!
* * * LOW HITPOINT WARNING * * *
You hit the centaur but do no damage.
The centaur is moderately wounded.
The centaur hits you with a short sword!
You die...

#...... ##.##.## #......
....... #...... #.....#
#...... ###.....# # #......
........# #...# #......
.......?###...####......
..........'...+.........
#@c##...#.........
##.##...#......... #
#.##...#...####..
#+##########.###..#...#.###
##.
#.........(#......#..)....#
#.
#..........+.......###....#
#.
#..........#.....#.###....#
#. #.# #.# #######..##....#
#. #.# #.#########
##.##....# #.


You could see a centaur.

Vanquished Creatures
  Duvessa (D:4)
  An ogre (D:5)
  Dowan (D:4)
  2 howler monkeys
  A hound (D:5)
  2 orc wizards
  3 worker ants
  4 gnolls (D:3)
  8 adders
  A shadow imp (D:5)
  An ooze (D:4)
  2 adder skeletons (D:5)
  2 worms
  2 dart slugs
  4 leopard geckos
  8 orcs
  4 giant cockroaches
  7 goblins
  4 hobgoblins
  6 jackals
  3 quokkas
  A ball python (D:1)
  8 bats
  2 frilled lizards
  3 kobolds (D:2)
  7 rats
88 creatures vanquished.

Notes
Turn   | Place    | Note
-------+----------+-------------------------------------------
     0 | D:1      | KristoblXynda the Octopode Enchanter began the quest for the Orb.
     0 | D:1      | Reached XP level 1. HP: 11/11 MP: 3/3
   280 | D:1      | Reached XP level 2. HP: 12/17 MP: 5/5
   487 | D:1      | Learned a level 2 spell: Ensorcelled Hibernation
  1029 | D:2      | Reached XP level 3. HP: 11/21 MP: 6/6
  1172 | D:2      | Learned a level 3 spell: Confuse
  1492 | D:2      | Reached XP level 4. HP: 12/27 MP: 2/7
  1494 | D:2      | Reached skill level 5 in Stealth
  2053 | D:3      | Found a faded altar of an unknown god.
  2282 | D:3      | Reached XP level 5. HP: 29/31 MP: 1/8
  2570 | D:3      | You fall through a shaft for 2 floors!
  2570 | D:5      | Entered Level 5 of the Dungeon
  2580 | D:5      | Found a staircase to the Ecumenical Temple.
  3140 | D:4      | Reached skill level 6 in Stealth
  3140 | D:4      | Reached XP level 6. HP: 29/36 MP: 3/9
  3304 | D:4      | Noticed Duvessa
  3304 | D:4      | Noticed Dowan
  3817 | D:4      | Killed Duvessa
  3860 | D:4      | Killed Dowan
  3860 | D:4      | Reached skill level 5 in Hexes
  3860 | D:4      | Reached XP level 7. HP: 25/41 MP: 2/10
  4850 | D:5      | Found an ornate altar of the Wu Jian Council.
  4909 | D:5      | Reached skill level 7 in Stealth
  5087 | D:5      | Slain by a centaur

Vault maps used:
D:1:      evilmike_arrival_crescent, chequers_big_river
D:3:      first_bread, chequers_ecumenical_altar_simple
D:4:      uniq_duvessa
D:5:      minmay_temple_entry_mist, basic_altar, roderic_lattice_a

Skill      XL: |  1  2  3  4  5  6  7 |
---------------+----------------------+-----
Short Blades   | 2 3 4 |  4.8
Stealth        | 5 6 7 |  7.4
Hexes          | 4 5 |  5.6
Dodging        | |  2.0
Spellcasting   | |  2.0

Action                   |  1- 3 |  4- 6 |  7- 9 || total
-------------------------+-------+-------+-------++-------
Melee: Dagger            |    68 |   154 |    48 ||   270
       Constrict         |    17 |    23 |     8 ||    48
       Tentacles         |    10 |    19 |     9 ||    38
 Cast: Ensorcelled Hiber |     1 |    10 |     7 ||    18
       Confuse           |       |    13 |     2 ||    15
  Use: Potion            |       |     5 |       ||     5
       Scroll            |       |     3 |     6 ||     9
 Stab: Sleeping          |    13 |    14 |     8 ||    35
       Confused          |       |     4 |       ||     4
  Eat: Chunk             |     2 |     7 |     2 ||    11
       Fruit             |       |     1 |     2 ||     3
       Royal jelly       |       |       |     1 ||     1
Armor: Skin              |     6 |    49 |     1 ||    56
Dodge: Dodged            |    47 |    52 |    18 ||   117
